 Dungeon Crawl Stone Soup version 0.23.0-3-gf3c87f2 (webtiles) character file.

Game seed: 2302185198825363359

3635 Lanoc the Cleaver (level 10, -4/53 HPs)
             Began as a Vine Stalker Fighter on Feb 24, 2019.
             Was a Priest of Qazlal.
             Slain by a two-headed ogre
             ... wielding a +0 giant club
              (20 damage)
             ... on level 8 of the Dungeon.
             The game lasted 00:11:26 (5320 turns).

Lanoc the Cleaver (Vine Stalker Fighter)            Turns: 5320, Time: 00:11:27

Health: -4/53      AC:  8    Str: 21    XL:     10   Next: 11%
Magic:  0/11       EV: 10    Int:  8    God:    Qazlal [***...]
Gold:   421        SH: 14    Dex: 15    Spells: 8/9 levels left

rFire    . . .     SeeInvis .   x - +2 hand axe (venom)
rCold    . . .     Gourm    .   c - +0 shield
rNeg     . . .     Faith    .   b - +0 scale mail
rPois    .         Spirit   +   (no helmet)
rElec    .         Reflect  .   u - +0 cloak
rCorr    .         Harm     .   (no gloves)
MR       ++...                  (no boots)
Stlth    ..........             g - amulet of rage
HPRegen  0.57/turn              o - ring of protection from magic
MPRegen  0.12/turn              (no ring)

@: no status effects
A: fangs 3, regeneration 1, magic shield, antimagic bite, no potion heal 3, rot
immunity
a: Upheaval, Elemental Force, Renounce Religion, Evoke Berserk Rage


You were on level 8 of the Dungeon.
You worshipped Qazlal.
Qazlal was most pleased with you.
You were hungry.

You visited 2 branches of the dungeon, and saw 9 of its levels.

You collected 421 gold pieces.

Inventory:

Hand Weapons
 a - a +0 war axe
 x - a +2 hand axe of venom (weapon)
Armour
 b - a +0 scale mail (worn)
 c - a +0 shield (worn)
 h - a cursed -1 buckler
 u - a +0 cloak (worn)
Jewellery
 g - an amulet of rage (around neck)
 o - a ring of protection from magic (left hand)
Wands
 y - a wand of polymorph (5)
Scrolls
 e - 2 scrolls of amnesia {unknown}
 i - a scroll of fear {unknown}
 j - 6 scrolls of remove curse
 k - 2 scrolls of random uselessness {unknown}
 l - 5 scrolls of immolation {unknown}
 m - 3 scrolls of enchant armour {unknown}
 q - 2 scrolls of teleportation {unknown}
 r - 3 scrolls of magic mapping {unknown}
 A - a scroll of enchant weapon {unknown}
 C - a scroll of blinking
Potions
 d - 2 potions of might
 n - a potion of ambrosia
 s - 4 potions of curing
 t - a potion of brilliance
 v - 2 potions of flight
 w - a potion of mutation
 E - a potion of lignification
Comestibles
 f - 15 rations
 p - a chunk of flesh


   Skills:
 + Level 6.3 Fighting
 * Level 8.2 Axes
 + Level 5.7 Armour
 + Level 5.0 Dodging
 - Level 4.0 Shields


You had 8 spell levels left.
You knew the following spells:

 Your Spells              Type           Power        Failure   Level  Hunger
a - Apportation           Tloc           #.....       99%         1    ##.....

Your spell library contained the following spells:

 Spells                   Type           Power        Failure   Level  Hunger
 Animate Skeleton         Necr           N/A          99%         1    ##.....
 Confusing Touch          Hex            #.....       99%         1    ##.....
 Flame Tongue             Conj/Fire      #....        99%         1    ##.....
 Summon Small Mammal      Summ           #...         99%         1    ##.....
 Throw Flame              Conj/Fire      #.....       100%        2    ###....
 Conjure Flame            Conj/Fire      #.......     100%        3    ####...
 Inner Flame              Hex/Fire       #.......     100%        3    ####...
 Sticky Flame             Conj/Fire      #.......     100%        4    #####..
 Fireball                 Conj/Fire      #.........   100%        5    ######.


Dungeon Overview and Level Annotations

Branches:
Dungeon (8/15)             Temple (1/1) D:6
   Lair: D:8-11

Altars:
Ashenzari
Cheibriados
Dithmenos
Elyvilon
Fedhas
Gozag
Hepliaklqana
Makhleb
Nemelex Xobeh
Okawaru
Qazlal
Ru
Trog
Uskayaw
Wu Jian
Xom
Yredelemnul
Zin
The Shining One

Shops:
D:4 *

Annotations:
D:4 3 runed translucent doors, coffeespoons's ghost, amateur HOFi


Innate Abilities, Weirdness & Mutations

You have razor-sharp teeth.
Your natural rate of healing is unusually fast.
When hurt, damage is shared between your health and your magic reserves.
Your bite disrupts and absorbs the magic of your enemies.
Potions cannot restore your health.
You are immune to rotting.


Message History

A scorpion and an ice beast come into view.
You completely miss the two-headed ogre.
You bite the two-headed ogre! You drain its power.
The two-headed ogre is moderately wounded.
Your shield and scale mail prevent you from hitting the two-headed ogre.
The two-headed ogre is moderately wounded.
The two-headed ogre closely misses you. You block the two-headed ogre's attack.
You hit the two-headed ogre but do no damage.
The two-headed ogre is poisoned.
Your bite misses the two-headed ogre.
The two-headed ogre is lightly wounded.
You block the two-headed ogre's attack.
The two-headed ogre hits you with a +0 giant club!!
You hit the two-headed ogre. Your bite misses the two-headed ogre.
The two-headed ogre is moderately wounded.
The two-headed ogre hits you with a +0 giant club!
* * * LOW HITPOINT WARNING * * *
You block the two-headed ogre's attack.
You are feeling hungry.
The two-headed ogre hits you with a +0 giant club!!
You die...

............. ....
............##...#
.........#...#..#
#........#....#
#...$....°...#####
..........Y..##..##
..........#s.)....#
.####.....##O○....#
........#.†@☼..##
.......#.......###
#...#.###......#
.%..####.......#
.....##........##
.................#
....#..........#
... ##.<.......# ..
#.......#.##


You could see a two-headed ogre, an ice beast and a scorpion.

Vanquished Creatures
  A two-headed ogre (D:8)
  A spriggan (D:7)
  A steam dragon (D:7)
  A hungry ghost (D:7)
  A water moccasin (D:8)
  Duvessa (D:5)
  A necrophage (D:7)
  2 ice beasts
  2 black bears (D:7)
  An orc warrior (D:6)
  A sky beast (D:8)
  2 ogres
  A phantom (D:4)
  Blork the orc (D:5)
  3 bullfrogs
  Dowan (D:5)
  A wyvern skeleton (D:7)
  3 scorpions
  2 howler monkeys
  A jelly (D:7)
  2 crimson imps
  A bullfrog zombie (D:2)
  3 hounds
  Crazy Yiuf (D:3)
  2 orc priests (D:4)
  4 orc wizards
  Jessica (D:3)
  5 worker ants
  An iguana (D:7)
  2 hound skeletons (D:4)
  3 gnolls (D:7)
  A howler monkey skeleton (D:8)
  9 adders
  A shadow imp (D:7)
  An adder zombie (D:8)
  3 adder skeletons
  3 worms
  2 dart slugs
  5 leopard geckos
  34 orcs
  4 ball pythons
  4 bats
  6 giant cockroaches
  14 goblins
  12 hobgoblins
  2 jackals (D:8)
  5 kobolds
  2 quokkas
  8 frilled lizards
  A leopard gecko zombie (D:5)
  A quokka zombie (D:7)
  14 rats
185 creatures vanquished.

Notes
Turn   | Place    | Note
-------+----------+-------------------------------------------
     0 | D:1      | Lanoc the Vine Stalker Fighter began the quest for the Orb.
     0 | D:1      | Reached XP level 1. HP: 11/11 MP: 2/2
   302 | D:1      | Reached skill level 2 in Axes
   360 | D:1      | Reached XP level 2. HP: 16/16 MP: 3/3
  1007 | D:1      | Reached XP level 3. HP: 15/19 MP: 4/4
  1277 | D:2      | Reached skill level 1 in Dodging
  1292 | D:2      | Gained mutation: Your natural rate of healing is unusually
                  | fast. [Vine Stalker growth]
  1292 | D:2      | Reached XP level 4. HP: 24/24 MP: 5/5
  1765 | D:2      | Reached XP level 5. HP: 28/28 MP: 6/6
  1769 | D:2      | Reached skill level 3 in Axes
  1898 | D:3      | Found a stormy altar of Qazlal.
  1906 | D:3      | Became a worshipper of Qazlal Stormbringer
  1927 | D:3      | Found an ornate altar of the Wu Jian Council.
  2039 | D:3      | Learned a level 1 spell: Apportation
  2223 | D:3      | Reached * piety under Qazlal
  2291 | D:3      | Noticed Jessica
  2299 | D:3      | Killed Jessica
  2299 | D:3      | Reached XP level 6. HP: 32/32 MP: 5/7
  2415 | D:3      | Found a runed translucent door.
  2416 | D:3      | Noticed Crazy Yiuf
  2421 | D:3      | Killed Crazy Yiuf
  2542 | D:4      | Found Gozag's Platinum Reserve.
  2548 | D:4      | Noticed a phantom
  2566 | D:4      | Killed a phantom
  2576 | D:4      | Noticed an ice beast
  2585 | D:4      | Found a runed translucent gate.
  2592 | D:4      | Found a runed translucent gate.
  2593 | D:4      | Found a runed translucent gate.
  2623 | D:4      | Reached skill level 4 in Axes
  2624 | D:4      | Reached XP level 7. HP: 18/37 MP: 4/8
  2764 | D:4      | Found an opulent altar of Gozag.
  3211 | D:4      | Noticed coffeespoons's ghost (amateur HOFi)
  3226 | D:5      | Entered Level 5 of the Dungeon
  3292 | D:5      | Noticed Blork the orc
  3306 | D:5      | Killed Blork the orc
  3306 | D:5      | Reached ** piety under Qazlal
  3455 | D:5      | Gained mutation: You have razor-sharp teeth. [Vine Stalker
                  | growth]
  3455 | D:5      | Reached XP level 8. HP: 29/42 MP: 6/9
  3551 | D:5      | Noticed Dowan
  3552 | D:5      | Noticed Duvessa
  3559 | D:5      | Reached skill level 5 in Axes
  3562 | D:5      | Killed Duvessa
  3565 | D:5      | Killed Dowan
  3774 | D:6      | Found a staircase to the Ecumenical Temple.
  3783 | Temple   | Entered the Ecumenical Temple
  4204 | D:6      | Found a glowing silver altar of Zin.
  4205 | D:6      | Found an opulent altar of Gozag.
  4431 | D:7      | Found a bloodstained altar of Trog.
  4439 | D:7      | Reached skill level 5 in Fighting
  4439 | D:7      | Reached skill level 6 in Axes
  4462 | D:7      | Found a glowing golden altar of the Shining One.
  4504 | D:7      | Reached XP level 9. HP: 45/47 MP: 10/10
  4836 | D:7      | Reached skill level 7 in Axes
  4869 | D:7      | Reached skill level 5 in Armour
  4873 | D:7      | Reached *** piety under Qazlal
  5234 | D:8      | Noticed a two-headed ogre
  5248 | D:8      | Killed a two-headed ogre
  5248 | D:8      | Reached XP level 10. HP: 18/53 MP: 3/11
  5251 | D:8      | Reached skill level 8 in Axes
  5305 | D:8      | Noticed a two-headed ogre
  5308 | D:8      | Reached skill level 5 in Dodging
  5320 | D:8      | Slain by a two-headed ogre

Skill      XL: |  1  2  3  4  5  6  7  8  9 10 |
---------------+-------------------------------+-----
Axes           | 2 3 4 6 7 8 |  8.2
Fighting       | 3 4 5 6 |  6.3
Dodging        | 1 2 3 4 5 |  5.0
Shields        | 3 4 |  4.0
Armour         | 3 4 5 |  5.7

Action                   |  1- 3 |  4- 6 |  7- 9 | 10-12 || total
-------------------------+-------+-------+-------+-------++-------
Melee: War axe           |    52 |   196 |    86 |       ||   334
       Bite              |     8 |    45 |    86 |     5 ||   144
       Hand axe          |       |       |   214 |    20 ||   234
  Use: Scroll            |       |       |    10 |       ||    10
  Eat: Chunk             |       |     6 |     9 |       ||    15
       Ration            |       |       |     2 |       ||     2
Armor: Scale mail        |    19 |    87 |    67 |     3 ||   176
Dodge: Dodged            |    19 |    47 |    99 |     9 ||   174
Block: Shield            |    26 |   108 |   154 |     9 ||   297
